[Event "Early-Titled-Tuesday-Blitz-March-05-2024"]
[Site "Chess.com"]
[Date "2024.03.05"]
[Round "7"]
[White "bescmelasti"]
[Black "xamax2000"]
[Result "1/2-1/2"]
[WhiteElo "2663"]
[BlackElo "2921"]
[TimeControl "180+1"]
[EndTime "9:19:46 PST"]
[Termination "Game drawn by repetition"]

1. e4 e5 2. Nf3 Nc6 3. Bc4 Nf6 4.
d3 Bc5 5. O-O d6 6. c3 O-O 7. h3 a5 8. Bg5 h6 9. Bh4 g5 10. Bg3 Kh8 11. Nbd2 Nh7 12. d4 exd4 13. cxd4 Nxd4 14. Nxd4 Bxd4 15. Nf3 Bxb2 16. Rb1 Bg7 17. e5 d5 18. Bxd5 c6 19. Be4 Qxd1 20. Rfxd1 Re8 21.
a4 Nf8 22. h4 g4 23. Nh2 Ng6 24. f4 h5 25. Nf1 Bh6 26. Rd6 Kg7 27. Ne3 Be6 28.
Rxb7 Nxf4 29. Nf5+ Bxf5 30. Bxf5 Ne2+ 31. Kf2 Nxg3 32.
Kxg3 Rab8 33. Rg6+ Kf8 34. Rxb8 fxg6 35. Rxe8+ Kxe8 36. Bxg6+ Ke7 37. Bxh5 Ke6 38. Bxg4+ Kxe5 39. Kf3 c5 40. Ke2 c4 41. Bf3 Kd4 42. Kd1 Kc3 43. g4 Bf4 44. g5 Bg3 45. h5 Bf4 46. g6 Bh6 47. Bd5 Kd3 48. Be6 c3 49. Bf5+ Kc4 50. Bc2 Kd4 51. Ke2 Bg7 52. Kd1 Bh6 53. Ke2 Bg7 54. Kf3 Bh6 55. Ke2 1/2-1/2

[Event "Early-Titled-Tuesday-Blitz-March-05-2024"]
[Site "Chess.com"]
[Date "2024.03.05"]
[Round "7"]
[White "Leonid_Starozhilov"]
[Black "DeArron_Fox"]
[Result "0-1"]
[WhiteElo "2699"]
[BlackElo "2531"]
[TimeControl "180+1"]
[EndTime "9:19:46 PST"]
[Termination "DeArron_Fox won on time"]

1. c4 e6 2. Nf3 d5 3. d4 Nf6 4. Nc3 Be7 5. e3 O-O 6. Bd3 b6 7. cxd5 Nxd5 8. Nxd5 exd5 9. Ne5 h6 10. O-O c5 11. f4 Ba6 12. Bxa6 Nxa6 13. f5 Bf6 14.
Bd2 Re8 15. Bc3 Nc7 16. Qh5 Nb5 17. Qxf7+ Kh8 18. Qg6 Bxe5 19. dxe5 Nxc3 20. bxc3 Rxe5 21.
f6 Qc7 22. Rf4 Rg5 23. Qd3 Rf8 24. Raf1 Rxf6 25. Rxf6 gxf6 26. Rxf6 Qg7 27. Rf2 c4 28. Qd2 Qg6 29. h3 Qb1+ 30. Kh2 Qe4 31. Rf4 Qe5 32. Qf2 Rf5 33. Qh4 Rxf4 34. Qxf4 Qxf4+ 35. exf4 d4 0-1

[Event "Early-Titled-Tuesday-Blitz-March-05-2024"]
[Site "Chess.com"]
[Date "2024.03.05"]
[Round "7"]
[White "Firouzja2003"]
[Black "xxysoul6"]
[Result "1-0"]
[WhiteElo "3232"]
[BlackElo "2938"]
[TimeControl "180+1"]
[EndTime "9:19:47 PST"]
[Termination "Firouzja2003 won by checkmate"]

1. e4 c5 2. Nf3 d6 3. d4 cxd4 4. Qxd4 Nf6 5. Bg5 Nc6 6. Bb5 Bd7 7. Qd3 e6 8. Nc3 a6 9. Bxc6 Bxc6 10. O-O-O Be7 11. Nd4 Rc8 12. f4 O-O 13. h4 b5 14.
Nxc6 Rxc6 15. e5 dxe5 16. fxe5 Nd5 17. Bxe7 Qxe7 18. Nxd5 exd5 19. Qxd5 Rc5 20. Qd6 Rxe5 21. Qxa6 g6 22. Qd6 Qxd6 23. Rxd6 Ra8 24. Kb1 Re2 25. g4 Rc8 26. Rb6 Rc5 27. a3 Re4 28. g5 Kg7 29. Rh3 h6 30. gxh6+ Kxh6 31. Rf3 f5 32. b4 Rce5 33. Rh3 f4 34. Rb8 Kh5 35. Rf8 Re3 36. Rh1 f3 37. Rg1 Rf5 38. Rh8# 1-0

[Event "Early-Titled-Tuesday-Blitz-March-05-2024"]
[Site "Chess.com"]
[Date "2024.03.05"]
[Round "7"]
[White "AttilaTurzo"]
[Black "M1711"]
[Result "1-0"]
[WhiteElo "2479"]
[BlackElo "2569"]
[TimeControl "180+1"]
[EndTime "9:19:47 PST"]
[Termination "AttilaTurzo won by checkmate"]

1. d4 d5 2. Nf3 Nf6 3. Bf4 Bf5 4.
e3 e6 5. Bd3 Bxd3 6. cxd3 c5 7.
Qb3 Qc8 8. Nc3 Nc6 9. Nb5 e5 10.
dxe5 Nh5 11. Qxd5 Nxf4 12. exf4 Nb4 13. Qc4 Be7 14. O-O O-O 15. a3 Nc6 16. d4 a6 17. Nd6 Bxd6 18. exd6 cxd4 19. Nxd4 Nxd4 20. Qxd4 Rd8 21. Rfc1 Qe6 22. Rd1 h6 23. g3 Rac8 24.
Rd2 Rd7 25. Rad1 Rcd8 26. Qe5 Qc4 27. Rd4 Qc6 28. Rd5 Qc2 29. Qd4 Qc6 30. f5 f6 31.
g4 Kh7 32. h4 Qc2 33. Qd2 Qe4 34. Rd4 Qf3 35. Qe3 Qc6 36. Qf4 Qc5 37. g5 fxg5 38. hxg5 hxg5 39. Qxg5 Qe5 40. Qg6+ Kg8 41. Qe6+ Qxe6 42.
fxe6 Rxd6 43. Rxd6 Rxd6 44. Rxd6 Kf8 45. Rd7 Ke8 46. Rxg7 b5 47. Ra7 b4 48. axb4 Kd8 49.
f4 Ke8 50. f5 Kd8 51. f6 Ke8 52. f7+ Kd8 53. f8=Q# 1-0

[Event "Early-Titled-Tuesday-Blitz-March-05-2024"]
[Site "Chess.com"]
[Date "2024.03.05"]
[Round "7"]
[White "Mariia89"]
[Black "BashirliSaadat"]
[Result "0-1"]
[WhiteElo "2256"]
[BlackElo "2355"]
[TimeControl "180+1"]
[EndTime "9:19:48 PST"]
[Termination "BashirliSaadat won by checkmate"]

1. d4 Nf6 2. Nf3 g6 3. c4 Bg7 4. Nc3 O-O 5. e4 d6 6. Be2 Nbd7 7. O-O c5 8. Re1 cxd4 9. Nxd4 Nc5 10. Bf1 Bd7 11. f3 a5 12. Be3 a4 13. Rb1 Qa5 14.
Nd5 Nxd5 15. exd5 Rfe8 16. Kh1 Qc7 17. b4 axb3 18. axb3 Ra2 19. b4 Ba4 20. Nb5 Qd7 21. Qc1 Nb3 22. Qd1 Nd4 23. Qc1 Nxb5 24. cxb5 Rc8 25. Bc5 dxc5 26. bxc5 Bc2 27. c6 Qxd5 28. Rb4 Bc3 29. Bc4 Qf5 30. Bxa2 Bxb4 31. cxb7 Rb8 32.
Re2 Bd3 33. Qc7 Bd6 34. Qc6 Bxe2 35. h3 Bxb5 36. Qc3 Qe5 37. Qb3 Qh2# 0-1

[Event "Early-Titled-Tuesday-Blitz-March-05-2024"]
[Site "Chess.com"]
[Date "2024.03.05"]
[Round "7"]
[White "goodnigth"]
[Black "javierfreilemartin"]
[Result "0-1"]
[WhiteElo "1890"]
[BlackElo "2276"]
[TimeControl "180+1"]
[EndTime "9:19:50 PST"]
[Termination "javierfreilemartin won on time"]

1. d4 Nf6 2. Nf3 g6 3. Nc3 d5 4. Bf4 c6 5. h3 Bg7 6. e3 O-O 7. Be2 Nbd7 8. O-O Ne8 9. e4 dxe4 10. Nxe4 Ndf6 11. Nc5 Nd5 12. Be5 f6 13. Bh2 Nd6 14. c4 Nc7 15. Rc1 b6 16. Nd3 Nf5 17. Nb4 Bb7 18.
g4 Nd6 19. c5 Nde8 20. Bc4+ Kh8 21. Re1 Qd7 22. Qe2 a5 23. Nd3 b5 24. Bb3 a4 25.
Be6 Qd8 26. g5 f5 27. Nb4 h6 28. a3 hxg5 29. Nxg5 Bh6 30. h4 Rf6 31. Be5 Kg7 32. Bxf6+ exf6 33. Nf3 Bxc1 34. Rxc1 Nxe6 35. Qxe6 Bc8 36.
Qxc6 Bd7 37. Qd5 Qe7 38. c6 Be6 39. Qc5 Qc7 0-1

[Event "Early-Titled-Tuesday-Blitz-March-05-2024"]
[Site "Chess.com"]
[Date "2024.03.05"]
[Round "7"]
[White "noblerone"]
[Black "pr1105"]
[Result "1/2-1/2"]
[WhiteElo "2510"]
[BlackElo "2361"]
[TimeControl "180+1"]
[EndTime "9:19:51 PST"]
[Termination "Game drawn by repetition"]

1. d4 Nf6 2. Nf3 d5 3. Bg5 c5 4. e3 Ne4 5. Bf4 Qb6 6. Nc3 Qa5 7. Bxb8 Nxc3 8. bxc3 Rxb8 9. Qd2 Bg4 10. Ne5 Bh5 11. c4 Qxd2+ 12. Kxd2 f6 13. g4 fxe5 14. gxh5 cxd4 15.
exd4 dxc4 16. dxe5 b5 17. a4 a6 18. axb5 axb5 19. Ra7 g6 20. e6 Bh6+ 21. Ke1 Rf8 22. Bg2 Rf6 23. Bd5 Rf5 24. Bc6+ Kf8 25. hxg6 hxg6 26.
Bd7 b4 27. Ke2 Re5+ 28. Kf3 b3 29. cxb3 cxb3 30. Rb1 b2 31. Ra2 Bc1 32. Kg3 Kg7 33. f4 Rb3+ 34. Kg4 Re2 35. Ra8 Rxh2 36. Re8 Rg2+ 37.
Kh4 Re3 38. Rxe7+ Kg8 39. Re8+ Kg7 40. Re7+ Kf8 41. Re8+ Kg7 42. Re7+ 1/2-1/2

[Event "Early-Titled-Tuesday-Blitz-March-05-2024"]
[Site "Chess.com"]
[Date "2024.03.05"]
[Round "7"]
[White "martinmena"]
[Black "HelvertHernandez"]
[Result "1-0"]
[WhiteElo "2298"]
[BlackElo "2020"]
[TimeControl "180+1"]
[EndTime "9:19:51 PST"]
[Termination "martinmena won by checkmate"]

1. c4 Nf6 2. g3 c6 3. Bg2 d6 4.
Nf3 Bg4 5. O-O Nbd7 6. h3 Bxf3 7. Bxf3 e5 8. Nc3 Be7 9. d3 O-O 10. e4 Nb6 11. Be3 d5 12. exd5 cxd5 13. Bxb6 Qxb6 14.
Nxd5 Nxd5 15. Bxd5 Qxb2 16. Rb1 Qxa2 17. Rxb7 Qa3 18.
Qe2 Qd6 19. Rfb1 Rab8 20. Qe3 Rxb7 21. Rxb7 a5 22. Qa7 Bd8 23. Rxf7 Kh8 24. Rxg7 Qh6 25.
Rf7 Rg8 26. Be4 Rxg3+ 27. Bg2 Rxd3 28. Rd7 Qc1+ 29. Bf1 Qg5+ 30. Kh1 Rf3 31. Qa8 Rf8 32. Qg2 Qxg2+ 33. Kxg2 Kg8 34. Bd3 h6 35. Bh7+ Kh8 36. Bc2 Rg8+ 37. Kf3 Bb6 38. Rh7# 1-0

[Event "Early-Titled-Tuesday-Blitz-March-05-2024"]
[Site "Chess.com"]
[Date "2024.03.05"]
[Round "7"]
[White "Zq1"]
[Black "DvaHrasta"]
[Result "1-0"]
[WhiteElo "2633"]
[BlackElo "2459"]
[TimeControl "180+1"]
[EndTime "9:19:52 PST"]
[Termination "Zq1 won on time"]

1. d4 Nf6 2. c4 e6 3. Nf3 Bb4+ 4. Bd2 Be7 5. g3 b6 6. Bg2 Bb7 7. O-O O-O 8. Nc3 d5 9. cxd5 exd5 10. Bf4 c5 11. dxc5 bxc5 12. Qb3 Qb6 13. Rfd1 d4 14. Na4 Qxb3 15. axb3 Nbd7 16. Nxd4 Bxg2 17. Nf5 Be4 18. Nxe7+ Kh8 19. Rac1 Rfe8 20. Bd6 Rad8 21. f3 Ba8 22. e4 g6 23. Nxc5 Nxc5 24. Bxc5 Nd7 25. Bb4 f6 26. Rc7 Ne5 27. Rxd8 Rxd8 28. Kg2 g5 29. Bc3 g4 30.
Bxe5 fxe5 31. Nd5 Bxd5 32. exd5 Rxd5 33. fxg4 Rd2+ 34. Kh3 Rxb2 35. Rxa7 Rxb3 36. Re7 Re3 37. g5 Re2 38. g4 Kg8 39. Kg3 Re3+ 40. Kh4 Re2 41. h3 Re3 42. Ra7 e4 43. Re7 Kh8 44. g6 hxg6 45. Kg5 Rxh3 46. Kxg6 1-0

[Event "Early-Titled-Tuesday-Blitz-March-05-2024"]
[Site "Chess.com"]
[Date "2024.03.05"]
[Round "7"]
[White "Chesstiger64"]
[Black "kleopl"]
[Result "1-0"]
[WhiteElo "2375"]
[BlackElo "2509"]
[TimeControl "180+1"]
[EndTime "9:19:52 PST"]
[Termination "Chesstiger64 won by checkmate"]

1. d4 Nf6 2. Nf3 e6 3. e3 c5 4. c3 Nc6 5. Bd3 b6 6. Nbd2 Bb7 7. Qe2 d5 8. Ne5 Nxe5 9. dxe5 Nd7 10. f4 Qh4+ 11.
g3 Qh3 12. Nf3 Be7 13. Qf2 O-O-O 14. a4 d4 15. cxd4 cxd4 16. e4 Nc5 17. Qe2 Nxd3+ 18. Qxd3 Bb4+ 19. Kf2 Kb8 20. Bd2 Bxd2 21. Nxd2 f6 22.
exf6 gxf6 23. a5 f5 24. axb6 axb6 25. Qa3 fxe4 26. Qa7+ Kc7 27. Rhc1+ Kd6 28. Qxb6+ Ke7 29. Qxb7+ Kf6 30. Qxe4 Qxh2+ 31. Qg2 Qh5 32. Ne4+ Kg6 33. Ra6 Rhe8 34. Ng5 d3 35. Qe4+ Kg7 36. Qe5+ Kg8 37. Rxe6 Qh2+ 38. Kf3 Qe2+ 39. Qxe2 dxe2 40. Rxe2 Rd3+ 41.
Kf2 Rxe2+ 42. Kxe2 Rxg3 43. Nf3 Rg2+ 44. Ke3 Rxb2 45.
Rc7 Rb3+ 46. Kf2 h6 47. Kg3 Ra3 48. Kg4 Rb3 49. Ne5 Rb1 50. Nd7 Kg7 51. Kf5 Rb5+ 52. Ne5+ Kg8 53. Rc6 Kg7 54. Rc7+ Kg8 55. Kg6 Rb4 56.
Ng4 Rxf4 57. Nf6+ Kf8 58. Rf7# 1-0

[Event "Early-Titled-Tuesday-Blitz-March-05-2024"]
[Site "Chess.com"]
[Date "2024.03.05"]
[Round "7"]
[White "ATM622"]
[Black "Doublekk14"]
[Result "1-0"]
[WhiteElo "2536"]
[BlackElo "2362"]
[TimeControl "180+1"]
[EndTime "9:19:53 PST"]
[Termination "ATM622 won by checkmate"]

1. d4 Nf6 2. c4 e6 3. g3 d5 4. Bg2 h6 5. Nf3 c5 6. O-O Nc6 7. cxd5 exd5 8. dxc5 Bxc5 9. a3 a5 10. Nc3 O-O 11. e3 Be6 12. Nd4 Bxd4 13. exd4 Qd7 14. Na4 Bh3 15. Nb6 Qf5 16. Nxa8 Rxa8 17. Be3 Bxg2 18. Kxg2 Ne4 19. f3 Nd6 20. Bf4 Nc4 21. b3 Nb6 22. Rc1 g5 23. Bc7 Nd7 24. g4 Qg6 25.
Re1 Rc8 26. Bg3 Qf6 27. Be5 Qe7 28. Qd3 Ndxe5 29. Rxe5 Qxa3 30. Rc2 Rd8 31. Rce2 Nxe5 32. dxe5 Qe7 33. e6 fxe6 34. Qg6+ Qg7 35. Qxe6+ Kh8 36.
Qb6 Rd7 37. Re6 Kh7 38. Qe3 d4 39. Qe4+ Kg8 40. Re8+ Kf7 41. Qe6# 1-0

[Event "Early-Titled-Tuesday-Blitz-March-05-2024"]
[Site "Chess.com"]
[Date "2024.03.05"]
[Round "7"]
[White "Szparu"]
[Black "Indianlad"]
[Result "0-1"]
[WhiteElo "2780"]
[BlackElo "3025"]
[TimeControl "180+1"]
[EndTime "9:19:54 PST"]
[Termination "Indianlad won on time"]

1. e4 g6 2. d4 Bg7 3. Nf3 d6 4.
Bd3 Nc6 5. c3 e5 6. h3 Nge7 7.
O-O O-O 8. Be3 h6 9. Nbd2 f5 10.
dxe5 dxe5 11. Bc4+ Kh8 12. exf5 gxf5 13. Bc5 b6 14.
Ba3 Na5 15. Nh4 c5 16. Qe2 Nxc4 17. Nxc4 Qd5 18. Rad1 Qe4 19. Qxe4 fxe4 20. Rfe1 Be6 21. Rxe4 Rf4 22. Rxf4 exf4 23. b3 Bxc3 24. Bc1 Bf6 25. Nf3 Ng6 26. Rd6 Re8 27. Bb2 Bxb2 28. Nxb2 Kg7 29.
Nd3 Bf5 30. Rd5 Kf6 31. Nde1 Re2 32. Rd2 Rxd2 33. Nxd2 Ke5 34. Kf1 Kd4 35. Ke2 Kc3 36.
g3 fxg3 37. fxg3 Bxh3 38. Ke3 Bf5 39. Nef3 b5 40. Ne4+ Kb4 41. Nd6 Be6 42. Nd2 a6 43. N2e4 Ne5 44. Kf4 Nd3+ 45. Ke3 Nc1 46. Kf4 Nxa2 47.
Ke5 Bxb3 48. Nf5 c4 49. Nxh6 c3 0-1

[Event "Early-Titled-Tuesday-Blitz-March-05-2024"]
[Site "Chess.com"]
[Date "2024.03.05"]
[Round "7"]
[White "Antipov_Mikhail_Al"]
[Black "isaak2009"]
[Result "1-0"]
[WhiteElo "2940"]
[BlackElo "2763"]
[TimeControl "180+1"]
[EndTime "9:19:54 PST"]
[Termination "Antipov_Mikhail_Al won on time"]

1. e4 c5 2. Nf3 Nc6 3. Bb5 g6 4. Bxc6 bxc6 5. O-O Bg7 6. Re1 Nh6 7. h3 O-O 8. c3 f5 9. e5 Nf7 10. d4 cxd4 11.
cxd4 Bb7 12. Nc3 c5 13. dxc5 Rc8 14. Be3 Bxf3 15. Qxf3 Nxe5 16. Qd1 Nc6 17. Bf4 e5 18. Bh2 f4 19. Rc1 f3 20. gxf3 Nd4 21. f4 exf4 22. Ne4 Qh4 23. Qg4 Qxg4+ 24. hxg4 Nf3+ 25. Kg2 Nxe1+ 26. Rxe1 Bxb2 27. g5 Rf5 28. Kf3 Rd5 29. Bxf4 Rf8 30. Kg4 Bg7 31. Bd6 Rff5 32. f4 h5+ 33.
gxh6 Bxh6 34. Ng3 Rf7 35. Re8+ Kh7 36. Ne4 Rd4 37. Be5 Bg7 38. Ng5+ Kh6 39. Nxf7+ Kh7 40. Ng5+ Kh6 41. Re7 Rxf4+ 42. Bxf4 1-0

[Event "Early-Titled-Tuesday-Blitz-March-05-2024"]
[Site "Chess.com"]
[Date "2024.03.05"]
[Round "7"]
[White "stolencandy13"]
[Black "Rikikits"]
[Result "0-1"]
[WhiteElo "2683"]
[BlackElo "2847"]
[TimeControl "180+1"]
[EndTime "9:19:54 PST"]
[Termination "Rikikits won by resignation"]

1. d4 d5 2. Bf4 c5 3. e3 Nc6 4.
Nc3 a6 5. Nf3 e6 6. Be2 Bd6 7.
Bxd6 Qxd6 8. O-O Nge7 9. e4 cxd4 10. Nxd4 Nxd4 11. Qxd4 e5 12. Qa4+ Bd7 13. Qb3 d4 14. Nd5 Nxd5 15. exd5 O-O 16. Rad1 Rac8 17. Rfe1 Rc5 18.
Qxb7 Rxc2 19. Qxa6 Qxa6 20. Bxa6 f6 21. Re2 Rxe2 22.
Bxe2 Kf7 23. f3 Ke7 24. Rc1 Kd6 25. Bc4 f5 26. Kf2 e4 27. Rd1 Kc5 28. Bb3 Bb5 29. Rc1+ Kd6 30. a4 e3+ 31. Ke1 d3 32. axb5 d2+ 33. Kd1 dxc1=Q+ 34. Kxc1 Kc5 35. Kd1 f4 36. Ke2 Kxb5 37. g3 g5 38. Bc2 h6 39. h4 Kc5 40.
hxg5 hxg5 41. gxf4 gxf4 42. Be4 Rb8 43. Kd3 Rxb2 44.
Kc3 Rd2 45. Bd3 Kxd5 46. Bc4+ Ke5 47. Bf1 Kf6 48. Bh3 Kg5 49. Bf1 Kh4 0-1

[Event "Early-Titled-Tuesday-Blitz-March-05-2024"]
[Site "Chess.com"]
[Date "2024.03.05"]
[Round "7"]
[White "TitarovVasiliYouTube"]
[Black "aridannie"]
[Result "0-1"]
[WhiteElo "2509"]
[BlackElo "2414"]
[TimeControl "180+1"]
[EndTime "9:19:54 PST"]
[Termination "aridannie won on time"]

1. e4 e5 2. Nf3 Nc6 3. Bb5 a6 4. Bxc6 dxc6 5. O-O Bd6 6. b3 Nf6 7. Bb2 Qe7 8. d3 O-O 9. Nbd2 Bg4 10. Re1 b5 11.
Nf1 Nh5 12. h3 Bd7 13. Ne3 g6 14. d4 exd4 15. Qxd4 f6 16. Rad1 Rad8 17. e5 fxe5 18.
Nxe5 Qf6 19. Nf3 Qxd4 20. Bxd4 c5 21. Be5 Bc6 22. Nd5 Bxd5 23. Rxd5 Nf4 24. Bxf4 Rxf4 25. Ng5 Rff8 26. Red1 Rde8 27. f3 Re2 28. R5d2 Rxd2 29. Rxd2 Bf4 30. Rd5 c6 31. Ne6 cxd5 32. Nxf8 Kxf8 33.
Kf2 Ke7 34. g3 Be5 35. f4 Bd4+ 36. Kf3 Ke6 37. g4 c4 38. bxc4 bxc4 39. h4 Bb2 40. h5 Bc1 41. h6 Kf6 42. a4 a5 43. g5+ Kf5 44. c3 Bxf4 45. Ke2 Bxg5 46. Kf3 Bxh6 47. Kg3 Bg7 48. Kh4 Bxc3 49. Kg3 Be5+ 50. Kh3 c3 0-1

[Event "Early-Titled-Tuesday-Blitz-March-05-2024"]
[Site "Chess.com"]
[Date "2024.03.05"]
[Round "7"]
[White "SlavenPastar"]
[Black "enriquebutti"]
[Result "0-1"]
[WhiteElo "2602"]
[BlackElo "2231"]
[TimeControl "180+1"]
[EndTime "9:19:55 PST"]
[Termination "enriquebutti won by resignation"]

1. b3 e5 2. Bb2 d6 3. e3 Nf6 4. d4 e4 5. Ne2 d5 6. c4 c6 7. Nbc3 a6 8. Nf4 b5 9. cxd5 cxd5 10. a4 b4 11. Na2 Nc6 12. Rc1 Bb7 13. h4 h5 14. Be2 g6 15. g4 hxg4 16. Bxg4 Bd6 17.
Rc2 Bxf4 18. exf4 Qd6 19. Bc1 Bc8 20. Bxc8 Rxc8 21. Be3 O-O 22. f5 gxf5 23. Qd2 Ng4 24. Bf4 Qd7 25. h5 a5 26. Nc1 Ne7 27. Ne2 Rxc2 28.
Qxc2 Rc8 29. Qd2 Qc6 30. Bg5 f6 31. Be3 Qc2 32. Bf4 Qxb3 33. Bd6 Rc2 34. Qd1 Nc8 35.
Bc5 Qc4 36. h6 Kh7 37. Rh5 b3 38. Rxf5 b2 39. Rxd5 Rc1 40. Rd7+ Kxh6 41. Bf8+ Kg6 42. Rg7+ Kf5 43. Ng3+ Ke6 44. d5+ Qxd5 45. Re7+ Nxe7 0-1

[Event "Early-Titled-Tuesday-Blitz-March-05-2024"]
[Site "Chess.com"]
[Date "2024.03.05"]
[Round "7"]
[White "pfalcon1949"]
[Black "LaPiToB"]
[Result "0-1"]
[WhiteElo "1929"]
[BlackElo "2274"]
[TimeControl "180+1"]
[EndTime "9:19:55 PST"]
[Termination "LaPiToB won on time"]

1. e4 c6 2. d4 d5 3. e5 Bf5 4.
h4 h5 5. Bg5 Qa5+ 6. c3 e6 7. Bd3 Bxd3 8. Qxd3 c5 9. Nf3 Nc6 10.
O-O cxd4 11. cxd4 Nge7 12. Bxe7 Bxe7 13. Nc3 a6 14. a3 Qb6 15. b4 Rc8 16. Na4 Qd8 17. Nc5 Rc7 18. g3 Bxc5 19. bxc5 Na5 20. Rab1 Qd7 21. Rfc1 Nc4 22. Kg2 Qa4 23. Rb3 g6 24.
Rcb1 Qc6 25. Ng5 O-O 26. Rd1 Kg7 27. g4 hxg4 28. h5 Rh8 29. Rh1 gxh5 30. Rh4 Qe8 31. Qg3 Qe7 32. Rf3 Qxg5 33. Rf6 Rh7 34. Rh1 Kf8 35.
Rd1 Ke7 36. Rd3 h4 37. Qf4 Qxf4 38. Rxf4 Rg7 39. Kh2 Na5 40. Rd1 Nc6 41. Rg1 Rc8 42. Rfxg4 Rh7 43. Kh3 Rch8 44. f3 Na5 45. f4 Nc4 46. f5 exf5 47. Rg5 Ke6 48. Rf1 Ne3 49. Rf3 Nc2 50. Rgxf5 Nxd4 51. Rf6+ Ke7 52. R3f4 Ne6 0-1

[Event "Early-Titled-Tuesday-Blitz-March-05-2024"]
[Site "Chess.com"]
[Date "2024.03.05"]
[Round "7"]
[White "jaskol95"]
[Black "ValentunHulka"]
[Result "0-1"]
[WhiteElo "2591"]
[BlackElo "2778"]
[TimeControl "180+1"]
[EndTime "9:19:56 PST"]
[Termination "ValentunHulka won by checkmate"]

1. e4 c5 2. Nf3 Nf6 3. e5 Nd5 4. c4 Nc7 5. b4 cxb4 6. a3 bxa3 7. d4 g6 8. Nxa3 Bg7 9. Be2 O-O 10. Bb2 d6 11. exd6 exd6 12. O-O d5 13. c5 Nc6 14. Re1 Bg4 15. h3 Bxf3 16. Bxf3 Ne6 17. Nc2 Nxc5 18. dxc5 Bxb2 19. Rb1 Qf6 20. Qxd5 Rfd8 21.
Qb3 Bc3 22. Re3 Bd2 23. Rd3 Rxd3 24. Qxd3 Rd8 25. Qa3 Rd7 26. Ne3 Bxe3 27. Qxe3 Qe7 28. Qxe7 Rxe7 29. Bxc6 bxc6 30. Rb8+ Kg7 31. Rc8 Re6 32.
Rc7 a6 33. f4 h5 34. Ra7 Re1+ 35. Kf2 Rc1 36. Rxa6 Rxc5 37. g4 h4 38. Ra3 Rc2+ 39.
Kf3 Kf6 40. g5+ Kf5 41. Re3 Rc5 42. Re7 Rc3+ 43. Kg2 Kxf4 44. Rxf7+ Kxg5 45. Rc7 Rc2+ 46. Kh1 Kf4 47. Rd7 c5 48. Rd1 Kg5 49. Rg1+ Kh5 50. Rg4 c4 51. Rd4 g5 52. Rg4 Kg6 53. Rd4 Kf5 54.
Rg4 c3 55. Rc4 Ke5 56. Rc5+ Kf4 57. Rc4+ Kg3 58. Rg4+ Kxh3 59. Rg1 Rh2# 0-1

[Event "Early-Titled-Tuesday-Blitz-March-05-2024"]
[Site "Chess.com"]
[Date "2024.03.05"]
[Round "7"]
[White "Dale"]
[Black "ChempionBg"]
[Result "0-1"]
[WhiteElo "2108"]
[BlackElo "2393"]
[TimeControl "180+1"]
[EndTime "9:19:57 PST"]
[Termination "ChempionBg won on time"]

1. Nf3 Nf6 2. h3 b6 3. g4 Bb7 4. c4 d5 5. cxd5 Nxd5 6. Qb3 Nd7 7. d4 e6 8. Nc3 c5 9. Bg2 cxd4 10. Nxd4 Bc5 11. Nxd5 Bxd4 12. Be3 Bxd5 13. Bxd5 Bxe3 14.
Qxe3 Rc8 15. O-O O-O 16. Bg2 Qf6 17. Qa3 Rc2 18. Qxa7 Ne5 19. Qxb6 Rxe2 20. a4 Rxb2 21. Qc7 Nf3+ 22. Kh1 Nd2 23. Rfd1 Qxf2 24. a5 Nb3 25. Qc6 Nxa1 26. Rxa1 Ra2 27. Rxa2 Qxa2 28. a6 Qa1+ 29. Kh2 Qd4 30. Qb7 Qd6+ 31. Kg1 Rb8 32. Qe4 Qxa6 33.
h4 Qb6+ 34. Kh2 Rd8 35. h5 g6 36. h6 Qd6+ 37. Kh3 Qd3+ 38. Kh4 Qxe4 39. Bxe4 Rd4 0-1

[Event "Early-Titled-Tuesday-Blitz-March-05-2024"]
[Site "Chess.com"]
[Date "2024.03.05"]
[Round "7"]
[White "mary-sanna"]
[Black "AsaHoffmann"]
[Result "1-0"]
[WhiteElo "2236"]
[BlackElo "2408"]
[TimeControl "180+1"]
[EndTime "9:19:58 PST"]
[Termination "mary-sanna won by resignation"]

1. d4 Nf6 2. c4 c5 3. d5 e5 4. Nc3 d6 5. e4 Be7 6. h3 Nbd7 7. Nf3 Nf8 8. Be2 Ng6 9. g3 O-O 10. Be3 Ne8 11. h4 f5 12. h5 Nh8 13.
Qd2 a6 14. a4 b6 15. Ng5 Nc7 16. exf5 Bxf5 17. g4 Bd7 18. Nce4 h6 19. Nh3 Nf7 20. Rg1 b5 21. axb5 axb5 22. Rxa8 Qxa8 23. f3 bxc4 24. Bxc4 Bb5 25. b3 Bxc4 26. bxc4 Qa6 27. Qc2 Ra8 28. Ke2 Qa4 29. Rc1 Qxc2+ 30. Rxc2 Na6 31. Nhf2 Nb4 32.
Rb2 Ra3 33. Bd2 Ra2 34. Rxa2 Nxa2 35. Nd3 Ng5 36. Nxg5 Bxg5 37. Bxg5 hxg5 38. Nf2 g6 39. hxg6 Kg7 40. Ne4 Kxg6 41. Nxd6 Nb4 42. Nb7 Na6 43. Kd3 Kf7 44. Ke4 Kf6 45. Nd8 Ke7 46. Nc6+ Kd6 47.
Nxe5 Nc7 48. Nf7+ Ke7 49. Nxg5 Ne8 50. f4 Nd6+ 51. Ke5 Nxc4+ 52. Ke4 Nd6+ 53. Kd3 Kf6 54. Ne4+ Nxe4 55. Kxe4 Ke7 56. g5 Kd6 57. g6 c4 58.
Kd4 c3 59. Kxc3 Kxd5 60. f5 Ke5 61. g7 Kxf5 62. g8=Q Kf6 63. Qc4 Ke5 64. Qd4+ Ke6 65. Kd3 1-0

[Event "Early-Titled-Tuesday-Blitz-March-05-2024"]
[Site "Chess.com"]
[Date "2024.03.05"]
[Round "7"]
[White "AA95"]
[Black "mertfelin"]
[Result "0-1"]
[WhiteElo "2481"]
[BlackElo "2351"]
[TimeControl "180+1"]
[EndTime "9:19:59 PST"]
[Termination "mertfelin won by resignation"]

1. Nf3 d5 2. g3 e6 3. Bg2 Nf6 4. O-O Be7 5. d4 O-O 6. c4 dxc4 7. Qc2 b5 8. Ne5 Nd5 9. b3 cxb3 10. axb3 Bb7 11. Bd2 a6 12. Ba5 Bd6 13. Nd2 Qe7 14. Nd3 Nc6 15. Rfc1 Nxd4 16. Qd1 Nc6 17. e4 Ndb4 18. e5 Nxd3 19. exd6 Qf6 20. Ne4 Qd4 21. Bc3 Qb6 22. Qxd3 cxd6 23. Qxd6 Rfd8 24. Qf4 Nd4 25. Bxd4 Rxd4 26. Qe3 Qd8 27. Nc5 Bxg2 28. Kxg2 a5 29. Ne4 a4 30. bxa4 bxa4 31. Ra3 Qd5 32. f3 f5 33. Rc5 Qd7 34. Ng5 Rd2+ 35. Kh3 Ra6 36. Re5 Rdd6 37. Qc5 h6 38. Nxe6 Rxe6 39. Qc4 Kh7 40.
Rxe6 Rxe6 41. Qf4 Qb5 42. Rxa4 Qf1+ 43. Kh4 g5+ 44. Qxg5 hxg5+ 45. Kxg5 Rg6+ 46. Kf4 Qc1+ 47. Ke5 Qc5+ 48. Kf4 Qd6+ 49. Ke3 Re6+ 50. Kf2 Qd2+ 0-1

[Event "Early-Titled-Tuesday-Blitz-March-05-2024"]
[Site "Chess.com"]
[Date "2024.03.05"]
[Round "7"]
[White "ritanovikova"]
[Black "deepfear"]
[Result "0-1"]
[WhiteElo "2170"]
[BlackElo "1972"]
[TimeControl "180+1"]
[EndTime "9:19:59 PST"]
[Termination "deepfear won by resignation"]

1. e4 c5 2. Nc3 g6 3. d3 Bg7 4.
Be3 d6 5. Qd2 Nc6 6. g3 a6 7. Bg2 Nf6 8. Bh6 Bxh6 9. Qxh6 e6 10. h4 b5 11. e5 Nd5 12. Nxd5 exd5 13. Bxd5 Bb7 14. Qg7 Rf8 15. e6 Qe7 16. O-O-O fxe6 17. Qxe7+ Kxe7 18. Bf3 Rab8 19. Rd2 Ne5 20. Bxb7 Rxb7 21.
f4 Ng4 22. Nf3 e5 23. Re2 Rf5 24. Ng5 h6 25. Nh3 Kf6 26. Rhe1 Re7 27. Kd2 Kg7 28. Ng1 Kf8 29. Nf3 Rff7 30. Ng1 exf4 31. Rxe7 Rxe7 32. Rxe7 Kxe7 33. gxf4 Kf6 34. Ke2 Kf5 35. Kf3 Nh2+ 36.
Kg3 Ng4 37. Nf3 Ne3 38. Ne1 d5 39. Kf3 d4 40. c3 Nd5 41. cxd4 cxd4 42. Nc2 Nxf4 43.
Nxd4+ Ke5 44. Nc6+ Kf5 45. d4 Nd5 46. Nb8 Nc7 47. Nd7 g5 48. hxg5 hxg5 49. Ne5 a5 50.
Ng4 Nd5 51. Ne3+ Nxe3 52. Kxe3 g4 53. d5 g3 54. Kd4 g2 55. Kc5 g1=Q+ 56. Kc6 Qc1+ 57.
Kxb5 Qxb2+ 58. Kxa5 Qxa2+ 59. Kb5 Qxd5+ 60. Ka6 Qc4+ 61. Ka7 Qb3 0-1

[Event "Early-Titled-Tuesday-Blitz-March-05-2024"]
[Site "Chess.com"]
[Date "2024.03.05"]
[Round "7"]
[White "Chopper1905"]
[Black "Nemegejas"]
[Result "1-0"]
[WhiteElo "2956"]
[BlackElo "2794"]
[TimeControl "180+1"]
[EndTime "9:20:00 PST"]
[Termination "Chopper1905 won on time"]

1. d4 Nf6 2. c4 g6 3. Nc3 Bg7 4. e4 d6 5. Nf3 O-O 6. Be2 Nc6 7. d5 Nb8 8. O-O Nbd7 9. Bg5 Nc5 10. Nd2 h6 11. Bh4 c6 12. b4 Ncd7 13. Rc1 a5 14. a3 axb4 15. axb4 Ra3 16. Ndb1 Ra8 17. Qb3 Qb6 18.
Nd2 Re8 19. Bg3 h5 20. Bf4 Ng4 21. h3 Nge5 22. Be3 c5 23. f4 Bh6 24. Nb5 Nc6 25.
dxc6 bxc6 26. Nc3 Qxb4 27. Rb1 Bg7 28. Rfc1 Qa5 29. Bf3 Bh6 30. Nf1 Ba6 31. Ra1 Qb4 32.
Qxb4 cxb4 33. Na4 b3 34. e5 Rab8 35. Nb2 Bb7 36. exd6 exd6 37. Ra3 Nc5 38. Bxc5 dxc5 39. Rxb3 Bxf4 40. Rb1 Ba6 41. Nd3 Rxb3 42. Rxb3 Bd6 43. Bxc6 1-0